 Seeded DCSS version 0.30.1-9-gdf580d7c3d (webtiles) character file.

Game seed: 7229806256980976716 (custom seed)

85462 Psyclone the Eclecticist (level 16, 0/120 HPs)
             Began as a Djinni Conjurer on Oct 15, 2023.
             Was an Initiate of Ashenzari.
             Slain by an ironbound preserver
             ... wielding a +0 flail
              (17 damage)
             ... on level 13 of the Dungeon.
             The game lasted 01:13:15 (29216 turns).

Psyclone the Eclecticist (Djinni Conjurer)         Turns: 29216, Time: 01:13:15

Health: 0/120      AC: 17    Str:  6    XL:     16   Next: 31%
Gold:   171        EV: 17    Int: 41    God:    Ashenzari [......] SH:  0 Dex: 13

rFire   + + .        l - +1 morningstar (holy)
rCold   x . .        (no shield)
rNeg    . . .        W - +0 swamp dragon scales
rPois   ∞            Z - +3 crown of Dyrovepreva {rElec Int+2 SInv}
rElec   +            S - +0 cloak
rCorr   .            m - +0 pair of gloves
SInv    +            (boots unavailable)
Will    +....        (no amulet)
Stlth   ++           T - +6 ring of intelligence
HPRegen 0.40/turn    U - +6 ring of intelligence
MPRegen 0.00/turn

%: infuse magic (-1 HP)
@: flying
A: sickness immunity, fire resistance 2, cold vulnerability 1, float, innate
caster, HP casting, extra vitality 1, sturdy frame 2
a: Renounce Religion, Curse Item


You were on level 13 of the Dungeon.
You worshipped Ashenzari.
Ashenzari was noncommittal.
You visited 4 branches of the dungeon, and saw 21 of its levels.
You also visited: Ossuary and Bailey.

You collected 2430 gold pieces.
You spent 2259 gold pieces at shops.

Inventory:

Hand Weapons
 l - a +1 morningstar of holy wrath (weapon)
Missiles
 h - 2 throwing nets {!f}
Armour
 m - a +0 pair of gloves (worn)
 S - a +0 cloak (worn)
 W - +0 swamp dragon scales (worn)
 Z - the +3 crown of Dyrovepreva (worn) {rElec Int+2 SInv}
   (You bought it in a shop on level 2 of the Orcish Mines)

   Int:       It affects your intelligence (+2).
   rElec:     It insulates you from electricity.
   SInv:      It lets you see invisible.
Jewellery
 T - a +6 ring of intelligence (left hand)
 U - a +6 ring of intelligence (right hand)
Wands
 O - a wand of charming (24)
 Q - a wand of digging (5)
 V - a wand of iceblast (18)
 X - a wand of mindburst (6)
 Y - a wand of acid (5)
Scrolls
 b - 8 scrolls of amnesia {unknown}
 c - 7 scrolls of blinking {unknown}
 d - 24 scrolls of identify {@r1}
 f - 3 scrolls of enchant armour {unknown}
 g - 8 scrolls of teleportation
 o - 4 scrolls of poison {unknown}
 r - 4 scrolls of brand weapon {unknown}
 u - 3 scrolls of silence {unknown}
 w - a scroll of butterflies {unknown}
 x - 4 scrolls of fog
 y - 12 scrolls of vulnerability {unknown}
 A - 7 scrolls of magic mapping {unknown}
 E - 2 scrolls of torment {unknown}
 F - 6 scrolls of immolation {unknown}
 K - 4 scrolls of enchant weapon {unknown}
 M - 2 scrolls of fear {unknown}
Potions
 e - 7 potions of might
 i - 5 potions of brilliance {unknown}
 j - 2 potions of invisibility {unknown}
 k - 15 potions of curing {unknown}
 n - 5 potions of mutation
 p - 3 potions of cancellation {unknown}
 s - 7 potions of attraction {unknown}
 t - 4 potions of lignification {unknown}
 v - 3 potions of berserk rage {unknown}
 z - 3 potions of ambrosia {unknown}
 B - 3 potions of degeneration {unknown}
 C - 5 potions of flight {unknown}
 D - 4 potions of haste {unknown}
 G - a potion of magic {unknown}
 J - 9 potions of heal wounds
 L - a potion of resistance {unknown}


   Skills:
 + Level 12.9 Fighting
 + Level 12.9 Armour
 + Level 13.1 Dodging
 - Level 1.5 Stealth
 + Level 19.0 Spellcasting


You knew the following spells:

 Your Spells              Type           Power      Damage    Failure   Level
a - Magic Dart            Conj           100%       1d8       0%          1
b - Searing Ray           Conj           100%       2d8       0%          2
c - Dazzling Flash        Conj/Hex       100%       N/A       0%          3
d - Fulminant Prism       Conj/Hex       57%        3d24      0%          4
e - Iskenderun's Mystic   Conj/Tloc      100%       2d19      0%          4
f - Kiss of Death         Conj/Necr      100%       2d13      0%          1
g - Ensorcelled Hibernat  Hex/Ice        100%       N/A       0%          2
h - Lesser Beckoning      Tloc           100%       N/A       0%          2
i - Gell's Gravitas       Tloc           100%       N/A       0%          3
j - Passage of Golubria   Tloc           100%       N/A       0%          4
k - Agony                 Necr           100%       N/A       0%          5
l - Death Channel         Necr           57%        N/A       1%          6
Your spell library was empty.

Dungeon Overview and Level Annotations

Branches:
Dungeon (13/15) Zot: 25782  Temple (1/1) D:4 Zot: 5847    Lair (5/5) D:11 Zot: 21828
  Swamp (0/4) Lair:2        Snake (0/4) Lair:3        Slime (0/5) Lair:4
    Orc (2/2) D:12 Zot: 8398     Elf (0/3) Orc:2       Ossuary (visited)
 Bailey (visited)
 Vaults: D:13-14

Altars:
Ashenzari
Cheibriados
Dithmenos
Elyvilon
Fedhas
Gozag
Hepliaklqana
Makhleb
Nemelex Xobeh
Okawaru
Qazlal
Ru
Trog
Uskayaw
Wu Jian
Xom
Yredelemnul
Zin
The Shining One
Jiyva

Shops:
D:6 :   D:10 :   Orc:1 *   Orc:2 ***[[[!(?==

Portals:
Trove: D:12 (give 13 potions of heal wounds)

Annotations:
D:3 3 runed translucent doors, WaxSun's ghost, amateur KoAr


Innate Abilities, Weirdness & Mutations

You are immune to sickness and miasma.
You are immune to poison.
Your flesh is very heat resistant. (rF++)
You are vulnerable to cold. (rC-)
You float through the air rather than walking.
You learn spells naturally, not from books.
Your magical power is your life essence.
You have superior vitality. (+4 MHP)
Your movements are less encumbered by armour. (ER -4)


Message History

The ironbound preserver is moderately wounded.
The centaur warrior shoots an arrow.
The arrow hits you!
Your fulminant prism crackles loudly.
The boulder beetle leaps!
You take 13 damage, and have 38/120 hp.
Casting: Iskenderun's Mystic Blast (safe; 0% risk of failure)
Confirm with . or Enter, or press ? or * to list all spells.
You erupt in a blast of force!
The mystic blast hits the ironbound preserver!
The ironbound preserver is heavily wounded.
The ironbound preserver is knocked back by the mystic blast.
The ironbound preserver collides with the four-headed hydra!
The four-headed hydra is almost dead.
The ironbound preserver is severely wounded.
* * * LOW HITPOINT WARNING * * *
The centaur warrior shoots an arrow.
The arrow misses you.
Your fulminant prism explodes!
The blast of energy engulfs the four-headed hydra!!!
You kill the four-headed hydra!
The blast of energy engulfs the centaur warrior!!!
The centaur warrior is almost dead.
The blast of energy engulfs the ironbound preserver!!
The ironbound preserver is almost dead.
The centaur warrior shoots an arrow.
The arrow hits you!
* * * LOW HITPOINT WARNING * * *
You take 14 damage, and have 24/120 hp.
Casting: Iskenderun's Mystic Blast (safe; 0% risk of failure)
Confirm with . or Enter, or press ? or * to list all spells.
Aiming: Fulminant Prism (safe; 0% risk of failure)
Press: ? - help, Dir - move target You conjure a prism of explosive energy!
* * * LOW HITPOINT WARNING * * *
A fulminant prism comes into view.
The centaur warrior shoots an arrow.
The arrow hits you.
* * * LOW HITPOINT WARNING * * *
You take 4 damage, and have 20/120 hp.
The centaur warrior shoots an arrow.
The arrow hits you.
* * * LOW HITPOINT WARNING * * *
The ironbound preserver hits you with a +0 flail!
You die...

###+#### ### # ####### #
#....$# # #.....# #
#.....# # #.....# #
#.....#############
'#..#'@####.†..........
...c..p.......##########
....*.........# #
###..########## ## .'..+
#. ..'..+ #. # ..#..# #.
# ..#..# ###### ####+
##### #..# #....####....


You could see an ironbound preserver (ally target), a centaur warrior and a
friendly fulminant prism.

Vanquished Creatures
  Kirke (Lair:4)
  An orc warlord (Bailey)
  7 hydras
  Erolcha (D:11)
  A ghost crab (Lair:2)
  An ogre mage (Orc:1)
  4 boulder beetles
  3 centaur warriors
  4 two-headed ogres
  9 death yaks (Lair:5)
  4 catoblepae (Lair:5)
  Urug (D:13)
  A skyshark (Lair:5)
  Lodul (D:11)
  A swamp dragon (Lair:4)
  2 orc knights
  A lindwurm (Lair:5)
  A cyclops (Orc:2)
  An oklob plant (Lair:5)
  3 ugly things
  5 manticores
  Maurice (D:11)
  3 black mambas
  5 elephants (Lair:4)
  3 torpor snails
  2 gargoyles (D:10)
  11 cane toads
  A rime drake (Lair:2)
  An unseen horror (D:13)
  8 komodo dragons
  3 trolls
  A tyrant leech (Lair:4)
  2 polar bears (Lair:5)
  3 hornets (Orc:1)
  8 blink frogs
  9 dream sheep (Lair:5)
  4 shadows
  13 slime creatures
  2 vampires
  8 spriggans (D:10)
  4 wraiths
  5 hogs (Lair:4)
  74 yaks
  6 wyverns
  2 humans (D:12)
  6 basilisks
  12 vampire mosquitoes
  2 wargs
  6 swamp worms (Lair:4)
  2 acid dragons (D:10)
  3 nagas (Lair:3)
  13 water moccasins
  A floating eye (Orc:1)
  2 swamp drakes (Lair:4)
  3 black bears
  2 hornet zombies (Ossuary)
  54 orc warriors
  A spectral yak (Lair:2)
  2 ice beasts
  A sky beast (D:6)
  13 ogres
  A spectral rime drake (Lair:2)
  15 centaurs
  9 wolves (Lair:1)
  A spectral basilisk (Lair:2)
  2 kobold brigands
  15 bullfrogs
  A gnoll sergeant (D:7)
  6 scorpions
  2 spectral water moccasins (Lair:2)
  2 wyvern zombies (Ossuary)
  2 water moccasin zombies (Ossuary)
  7 wights
  6 killer bees
  A howler monkey (D:6)
  8 electric eels
  2 centaur zombies (Ossuary)
  3 bullfrog zombies (Ossuary)
  3 hounds
  A gnoll bouda (D:6)
  2 jellies
  18 orc priests
  An iguana (D:6)
  2 sleepcaps
  17 orc wizards
  4 hell rats (Lair:5)
  3 killer bee zombies (Ossuary)
  16 mummies
  2 howler monkey zombies (Ossuary)
  14 gnolls
  9 adders
  2 shadow imps
  2 white imps (D:8)
  2 ufetubi
  3 worms
  84 orcs
  5 bats
  4 endoplasms
  6 giant cockroaches
  18 goblins
  15 hobgoblins
  20 jackals
  10 kobolds
  4 quokkas
  6 ball pythons
  A frilled lizard (D:1)
  A goblin zombie (D:4)
  An orc zombie (D:4)
  4 rats
  3 fulminant prisms (Lair:5)
721 creatures vanquished.

Vanquished Creatures (others)
  A hog (Lair:4)
  3 orcs (Orc:2)
  153 fulminant prisms
157 creatures vanquished.

Grand Total: 878 creatures vanquished

Notes
Turn   | Place    | Note
-------+----------+-------------------------------------------
     0 | D:1      | Psyclone the Djinni Conjurer began the quest for the Orb.
     0 | D:1      | Psyclone set off with the following spells memorised: Magic
                  | Dart, Searing Ray, Dazzling Flash, Fulminant Prism,
                  | Iskenderun's Mystic Blast.
     0 | D:1      | Reached XP level 1. HP: 15/15 MP: 0/0
    50 | D:1      | Identified 3 scrolls of acquirement
    50 | D:1      | Acquired a manual of Spellcasting
    65 | D:1      | Acquired a manual of Spellcasting
    83 | D:1      | Acquired a manual of Spellcasting
   231 | D:1      | Gained mutation: Your movements are slightly less
                  | encumbered by armour. (ER -2) [potion of mutation]
   231 | D:1      | Gained mutation: Your movements are less encumbered by
                  | armour. (ER -4) [potion of mutation]
   330 | D:1      | Reached XP level 2. HP: 19/21 MP: 0/0
   335 | D:1      | Reached skill level 4 in Spellcasting
   582 | D:1      | Reached XP level 3. HP: 16/25 MP: 0/0
   582 | D:1      | Learned a level 1 spell: Kiss of Death
  1130 | D:2      | Reached skill level 5 in Spellcasting
  1130 | D:2      | Reached XP level 4. HP: 28/31 MP: 0/0
  1417 | D:2      | Reached XP level 5. HP: 16/35 MP: 0/0
  1417 | D:2      | Learned a level 2 spell: Ensorcelled Hibernation
  1502 | D:2      | Reached skill level 6 in Spellcasting
  2134 | D:3      | Found a runed translucent gate.
  2134 | D:3      | Found a runed translucent gate.
  2134 | D:3      | Found a runed translucent gate.
  2140 | D:3      | Noticed WaxSun's ghost (amateur KoAr)
  2177 | D:3      | Found a glowing silver altar of Zin.
  2442 | D:4      | Reached skill level 7 in Spellcasting
  2442 | D:4      | Reached XP level 6. HP: 35/40 MP: 0/0
  2513 | D:4      | Found a white marble altar of Elyvilon.
  2612 | D:4      | Found a glowing golden altar of the Shining One.
  2764 | D:4      | Found a staircase to the Ecumenical Temple.
  2784 | D:4      | Found a stormy altar of Qazlal.
  2893 | D:4      | Found a sand-covered staircase.
  2901 | Ossuary  | Entered an ossuary
  3028 | Ossuary  | Reached skill level 8 in Spellcasting
  3028 | Ossuary  | Reached XP level 7. HP: 10/45 MP: 0/0
  3028 | Ossuary  | Learned a level 2 spell: Lesser Beckoning
  3030 | Ossuary  | HP: 2/45 [centaur zombie (2)]
  3323 | Ossuary  | Reached skill level 9 in Spellcasting
  3424 | Ossuary  | Reached XP level 8. HP: 34/50 MP: 0/0
  3581 | Ossuary  | Reached skill level 10 in Spellcasting
  3913 | Ossuary  | Reached skill level 11 in Spellcasting
  4267 | D:5      | Entered Level 5 of the Dungeon
  4838 | D:6      | Found Xixtot's Book Boutique.
  4971 | D:7      | Found a flagged portal.
  5040 | D:7      | Reached XP level 9. HP: 44/55 MP: 0/0
  5040 | D:7      | Learned a level 3 spell: Gell's Gravitas
  5069 | D:7      | Reached skill level 12 in Spellcasting
  5261 | D:7      | Identified the +8 trident "Idaugra" {freeze, Stlth+}
  5373 | D:7      | Reached skill level 13 in Spellcasting
  5470 | Bailey   | Entered a bailey
  5850 | Bailey   | Reached skill level 14 in Spellcasting
  6111 | Bailey   | Reached XP level 10. HP: 60/60 MP: 0/0
  6412 | Bailey   | Reached skill level 15 in Spellcasting
  6620 | Bailey   | Identified the +0 chain mail of Saogadd {rC+ rN+++ Str+2
                  | Int-2}
  6755 | Bailey   | Noticed an orc warlord
  6790 | Bailey   | Killed an orc warlord
  6791 | Bailey   | Reached skill level 16 in Spellcasting
  6791 | Bailey   | Noticed an orc knight
  6803 | Bailey   | Killed an orc knight
  6967 | Bailey   | Reached XP level 11. HP: 85/85 MP: 0/0
  6967 | Bailey   | Learned a level 4 spell: Passage of Golubria
  7631 | D:6      | Reached skill level 10 in Fighting
  9098 | D:8      | Reached XP level 12. HP: 52/91 MP: 0/0
  9123 | D:8      | Reached skill level 17 in Spellcasting
 10441 | D:9      | You are sucked into a shaft and drop 2 floors!
 10461 | D:10     | Entered Level 10 of the Dungeon
 10664 | D:9      | Noticed a two-headed ogre
 10684 | D:9      | Killed a two-headed ogre
 11284 | Temple   | Entered the Ecumenical Temple
 11407 | Temple   | Became a worshipper of Ashenzari the Shackled
 11594 | D:9      | Reached skill level 18 in Spellcasting
 11692 | D:9      | Identified the +7 battleaxe of Sustre {heavy, Str+5}
 11752 | D:9      | Found a bloodstained altar of Trog.
 11822 | D:10     | Found Ycypaut's Book Shoppe.
 12025 | D:10     | Found an opulent altar of Gozag.
 12025 | D:10     | Noticed a two-headed ogre
 12035 | D:10     | Killed a two-headed ogre
 12459 | D:10     | Reached skill level 1 in Armour
 12980 | D:10     | Reached XP level 13. HP: 89/96 MP: 0/0
 12980 | D:10     | Learned a level 5 spell: Agony
 13360 | D:10     | Reached skill level 5 in Dodging
 13692 | D:11     | Noticed Lodul
 13701 | D:11     | Killed Lodul
 13702 | D:11     | Reached skill level 5 in Armour
 13949 | D:11     | Noticed Maurice
 13961 | D:11     | Noticed Erolcha
 13969 | D:11     | Killed Maurice
 13985 | D:11     | Killed Erolcha
 14312 | D:11     | Found a staircase to the Lair.
 15201 | D:12     | Noticed a centaur warrior
 15211 | D:12     | Killed a centaur warrior
 15683 | D:12     | Found a portal to a secret trove of treasure.
 15824 | D:12     | Found a staircase to the Orcish Mines.
 16117 | D:12     | Found an iron altar of Okawaru.
 16375 | Orc:1    | Entered Level 1 of the Orcish Mines
 16581 | Orc:2    | Entered Level 2 of the Orcish Mines
 16581 | Orc:2    | Found Cuownes's Magic Scroll Shoppe.
 16588 | Orc:2    | Reached XP level 14. HP: 80/103 MP: 0/0
 17881 | Orc:2    | Reached skill level 10 in Dodging
 17956 | Orc:2    | Found Voallin's Antique Weapon Boutique.
 18409 | Orc:2    | Bought a scroll of teleportation for 42 gold pieces
 18409 | Orc:2    | Bought a scroll of fog for 56 gold pieces
 18409 | Orc:2    | Bought 2 scrolls of identify for 56 gold pieces
 18409 | Orc:2    | Bought a scroll of noise for 14 gold pieces
 18473 | Orc:2    | Found Benloydgh's Jewellery Boutique.
 18481 | Orc:2    | Bought a +6 ring of intelligence for 468 gold pieces
 18489 | Orc:2    | Found Ozaus's Jewellery Shoppe.
 18492 | Orc:2    | Bought a +6 ring of intelligence for 648 gold pieces
 18810 | Orc:2    | Found Salolel's Antique Armour Boutique.
 18816 | Orc:2    | Found Qacsuasuka's Antique Armour Shop.
 18816 | Orc:2    | Found Toije's Antique Armour Shoppe.
 18816 | Orc:2    | Found Ulefeotz's Distillery.
 18847 | Orc:2    | Bought a potion of heal wounds for 65 gold pieces
 18885 | Orc:2    | Found Cefigh's Specific Store.
 18887 | Orc:2    | Found Tygilis's General Store.
 18891 | Orc:2    | Found Eshryuthy's General Store.
 18983 | Orc:2    | Found a staircase to the Elven Halls.
 19235 | Orc:1    | Found Yfont's Overcharged Wands.
 19946 | Lair:1   | Entered Level 1 of the Lair of Beasts
 20283 | Lair:1   | Reached skill level 10 in Armour
 22443 | Lair:2   | Found a staircase to the Swamp.
 22606 | Lair:3   | You are sucked into a shaft and drop 2 floors!
 22606 | Lair:5   | Entered Level 5 of the Lair of Beasts
 23016 | Lair:4   | Reached XP level 15. HP: 86/110 MP: 0/0
 23016 | Lair:4   | Learned a level 6 spell: Death Channel
 23016 | Lair:4   | Found a staircase to the Slime Pits.
 23016 | Lair:4   | Found a viscous altar of Jiyva.
 24249 | Lair:3   | Found a staircase to the Snake Pit.
 25146 | Lair:4   | Noticed Kirke
 25162 | Lair:4   | Killed Kirke
 27298 | Lair:5   | Reached XP level 16. HP: 82/120 MP: 0/0
 28148 | Orc:2    | Bought the +3 crown of Dyrovepreva {rElec Int+2 SInv} for
                  | 910 gold pieces
 28148 | Orc:2    | Found the +3 crown of Dyrovepreva {rElec Int+2 SInv}
 28542 | D:13     | Identified the +0 robe of the King of the Hill {rC+ Int+3
                  | SInv}
 28635 | D:13     | Reached skill level 19 in Spellcasting
 28893 | D:13     | Noticed Urug
 28915 | D:13     | Killed Urug
 29216 | D:13     | Slain by an ironbound preserver

Illustrated notes

Levels and vault maps discovered:
D:1:      spicycebolla_arrival_ecumenical, layout_loops_ring
D:2:      layout_basic
D:3:      layout_rooms, mainiacjoe_overflow_paths, gammafunk_ghost_necromancy
D:4:      layout_rooms, tso_metal_star, mainiacjoe_overflow_catwalk,
          elyvilon_altar_5, minmay_temple_entry_stoned_glass,
          nicolae_ossuary_entry_giza, minmay_misc_feat_square, minivault_4
D:5:      layout_basic
D:6:      kennysheep_six_static_rooms, layout_basic, serial_shops,
          nicolae_shop_stone, serial_bayou_lagoon_b
D:7:      layout_basic, enter_bailey_2
D:8:      minmay_recursive_quarters, layout_layer_cave
D:9:      layout_gridville, trog_book
D:10:     kb_forest_paths, layout_basic,
          nicolae_gozag_cash_rules_everything_around_me, serial_shops, shop,
          minmay_tree_intersection, kennysheep_path_1
D:11:     layout_loops_ring, grunt_lair_entry_orc_guard_hut, uniq_lodul,
          uniq_erolcha, uniq_maurice
D:12:     layout_roguey, erik_orc_3, nicolae_trove_entry_diagonal,
          okawaru_humans
D:13:     layout_roguey, skrybe_vaults_entry_preservation, uniq_urug
Temple:   kb_temple_of_zot
Lair:1:   layout_regular_city, grunt_megastairs_4
Lair:2:   layout_hall_layers, nicolae_swamp_entry_spooky,
          chequers_serial_rivers_large_a, disabler_island
Lair:3:   layout_roguey, minmay_snake_entry_guardpost_small, beast_lair_carwin_8
Lair:4:   onia_ninara_swampy_vault, layout_loops_ring, slime_entry_1,
          st_stairs_8, uniq_kirke
Lair:5:   evilmike_catoblepas_cave, layout_regular_city, lemuel_fruit_tree,
          grunt_megastairs_3
Orc:1:    hellmonk_paralyzer, layout_caves, nicolae_shop_overcharged_wands
Orc:2:    st_orc_rangers, layout_caves, serial_shops, shop, shop,
          nicolae_shop_behind_doors, nicolae_shop_pleasant_corner_grove,
          nicolae_shop_tiny_waterfront, nicolae_specific_store

Skill      XL: |  1  2  3  4  5  6  7  8  9 10 11 12 13 14 15 16 |
---------------+-------------------------------------------------+-----
Spellcasting   | 4 5 7 8 9 11 14 16 18 19 | 19.0
Fighting       | 9 10 11 12 | 12.9
Armour         | 3 8 10 12 | 12.9
Dodging        | 4 9 11 12 13 | 13.1
Stealth        | |  1.5

Action                     |  1- 3 |  4- 6 |  7- 9 | 10-12 | 13-15 | 16-18 || total
---------------------------+-------+-------+-------+-------+-------+-------++-------
  Melee: Morningstar       |       |       |     1 |     4 |    34 |       ||    39
         Punch             |       |       |       |       |     2 |       ||     2
   Cast: Magic Dart        |    59 |    97 |    49 |    42 |    38 |       ||   285
         Searing Ray       |     1 |    19 |    59 |    44 |     8 |     1 ||   132
         Iskenderun's Myst |       |       |     6 |    45 |   369 |    39 ||   459
         Fulminant Prism   |       |       |     6 |    65 |    59 |    27 ||   157
         Passage of Golubr |       |       |       |       |     2 |       ||     2
    Use: Scroll            |     3 |       |       |       |       |       ||     3
         Potion            |     1 |       |     1 |     1 |       |       ||     3
 Armour: Robe              |     2 |     4 |    12 |     5 |       |       ||    23
         Acid dragon scale |       |       |       |     4 |    75 |       ||    79
         Swamp dragon scal |       |       |       |       |    32 |    19 ||    51
  Dodge: Dodged            |     2 |    13 |    38 |    60 |   322 |    16 ||   451
